 Dungeon Crawl Stone Soup version 0.29.1-1-gd02db69 (webtiles) character file.

Game seed: 5499505608378887751

191 Timinator the Insei (level 5, -1/41 HPs)
             Began as a Demigod Transmuter on Dec 19, 2022.
             Slain by a gnoll
             ... wielding a +0 flail
              (6 damage)
             ... on level 2 of the Dungeon.
             The game lasted 00:05:02 (1835 turns).

Timinator the Insei (Demigod Transmuter)            Turns: 1835, Time: 00:05:03

Health: -1/41      AC:  6    Str: 15    XL:     5   Next: 18%
Magic:  9/11       EV: 13    Int: 15    God:
Gold:   56         SH:  0    Dex: 24    Spells: 5/8 levels left

rFire   . . .      SeeInvis .     - Unarmed
rCold   + . .      Faith    .   (no shield)
rNeg    . . .      Spirit   .   e - +3 robe of Ubrotuoc {rElec rPois rC+ Str+4}
rPois   +          Reflect  .   h - +0 helmet
rElec   +          Harm     .   (no cloak)
rCorr   .          Rampage  .   (no gloves)
Will    .....                   (no boots)
Stlth   ++........              (no amulet)
HPRegen 0.13/turn               i - +6 ring of dexterity
MPRegen 0.12/turn               (no ring)

@: wereblooded
A: high MP 1, forlorn, divine attributes
a: no special abilities


You were on level 2 of the Dungeon.
You visited 1 branch of the dungeon, and saw 2 of its levels.

You collected 56 gold pieces.

Inventory:

Armour
 a - a +0 ring mail
 e - the +3 robe of Ubrotuoc (worn) {rElec rPois rC+ Str+4}
   (You found it on level 2 of the Dungeon)

   Str:       It affects your strength (+4).
   rC:        It protects you from cold.
   rElec:     It insulates you from electricity.
   rPois:     It protects you from poison.
 h - a +0 helmet (worn)
Jewellery
 i - a +6 ring of dexterity (left hand)
 k - a ring of magical power
Scrolls
 c - a scroll of noise {unknown}
 d - 3 scrolls of identify {unknown}
 g - a scroll of blinking {unknown}
 j - a scroll of immolation {unknown}
Potions
 b - 2 potions of lignification
 f - a potion of flight {unknown}


   Skills:
 * Level 1.8 Fighting
 * Level 1.2 Armour
 * Level 2.6 Dodging
 + Level 3.5 Unarmed Combat
 + Level 2.3 Spellcasting
 * Level 2.9 Transmutations


You had 5 spell levels left.
You knew the following spells:

 Your Spells              Type           Power      Damage    Failure   Level
a - Beastly Appendage     Tmut           20%        N/A       6%          1
b - Wereblood             Tmut           10%        N/A       10%         2

Your spell library contained the following spells:

 Spells                   Type           Power      Damage    Failure   Level
 Spider Form              Tmut/Pois      6%         N/A       34%         3
 Ice Form                 Ice/Tmut       6%         N/A       75%         4


Dungeon Overview and Level Annotations

Branches:
Dungeon (2/15)


Innate Abilities, Weirdness & Mutations

You have an increased reservoir of magic. (+10% MP)
You shall have no god before yourself.
Your divine heritage dramatically boosts your attributes as you level up.


Message History

The gnoll hits you from afar with a +0 spear.
You have reached level 5!
You hit the gnoll but do no damage. You claw the gnoll. You headbutt the gnoll.
The gnoll is moderately wounded.
The gnoll barely misses you. The gnoll hits you with a +0 whip!
You hit the gnoll but do no damage. You claw the gnoll, but do no damage.
You headbutt the gnoll!
You feel a bit better.
You kill the gnoll!
The gnoll barely misses you.
You howl as the wereblood boils in your veins!
Things that are here:
a +0 whip; a +0 falchion; a +0 chain mail You hit the gnoll but do no damage.
You claw the gnoll. You headbutt the gnoll.
The gnoll is moderately wounded.
The gnoll barely misses you. x2
You hit the gnoll but do no damage. You claw the gnoll.
The gnoll is severely wounded.
The gnoll hits you with a +0 spear. The gnoll closely misses you.
You hit the gnoll.
You feel a bit better.
You kill the gnoll!
Your horns disappear.
Your talons disappear.
Your +0 helmet unmelds from your body.
The gnoll hits you with a +0 flail!
You hit the gnoll.
The gnoll is lightly wounded.
The gnoll hits you with a +0 flail!
* * * LOW HITPOINT WARNING * * *
You barely miss the gnoll.
The gnoll is lightly wounded.
The gnoll hits you with a +0 flail.
* * * LOW HITPOINT WARNING * * *
You hit the gnoll.
The gnoll is heavily wounded.
You hit the gnoll.
The gnoll is severely wounded.
The gnoll hits you but does no damage.
You hit the gnoll.
The gnoll is almost dead.
You howl as the wereblood boils in your veins!
The gnoll hits you with a +0 flail.
You die...

####.#####.....#...†..
#...# #............
#...# #.....##.....
#...# #.....##.....
###.# ########.##.#
#.# #..... #.# ####.#
#.# #.# #@# #.#
#)g.....) ..#
#####.... ### .. # #
## #. ##


You could see a gnoll.

Vanquished Creatures
  A howler monkey (D:2)
  Terence (D:2)
  Natasha (twice) (D:2)
  2 gnolls (D:2)
  3 adders (D:2)
  3 ball pythons
  3 bats
  3 endoplasms
  4 goblins
  5 hobgoblins
  3 jackals (D:1)
  3 kobolds
  2 rats
35 creatures vanquished.

Notes
Turn   | Place    | Note
-------+----------+-------------------------------------------
     0 | D:1      | Timinator the Demigod Transmuter began the quest for the
                  | Orb.
     0 | D:1      | Reached XP level 1. HP: 15/15 MP: 5/5
   128 | D:1      | Reached skill level 1 in Fighting
   471 | D:1      | Reached XP level 2. HP: 23/23 MP: 5/7
   574 | D:1      | Reached skill level 3 in Unarmed Combat
  1179 | D:2      | Noticed a howler monkey
  1192 | D:2      | Killed a howler monkey
  1192 | D:2      | Noticed Natasha
  1193 | D:2      | Reached XP level 3. HP: 21/28 MP: 6/8
  1200 | D:2      | Killed Natasha
  1201 | D:2      | Reached skill level 1 in Armour
  1201 | D:2      | Reached XP level 4. HP: 4/35 MP: 0/9
  1528 | D:2      | Identified the +3 robe of Ubrotuoc {rElec rPois rC+ Str+4}
  1713 | D:2      | Noticed Natasha
  1718 | D:2      | Killed Natasha
  1751 | D:2      | Learned a level 2 spell: Wereblood
  1815 | D:2      | Noticed Terence
  1824 | D:2      | Killed Terence
  1825 | D:2      | Reached XP level 5. HP: 31/41 MP: 8/11
  1835 | D:2      | Slain by a gnoll

Illustrated notes

Levels and vault maps discovered:
D:1:      heliophobic_arrival_henge, layout_loops_corners,
          hellmonk_ecumenical_altar_dog_temple, nicolae_figureground_sparkle
D:2:      layout_loops_cross, grunt_ministairs_10,
          chequers_serial_rivers_large_b, uniq_terence, uniq_natasha

Skill      XL: |  1  2  3 |
---------------+----------+-----
Fighting       | 1 |  1.8
Dodging        | 2 |  2.6
Unarmed Combat | 3 |  3.5
Transmutations | 2 |  2.9
Spellcasting   | 2 |  2.3
Armour         | 1 |  1.2

Action                   |  1- 3 |  4- 6 || total
-------------------------+-------+-------++-------
Melee: Unarmed           |    54 |    49 ||   103
       Kick              |     9 |    12 ||    21
       Headbutt          |     9 |    11 ||    20
       Punch             |     2 |     2 ||     4
 Cast: Beastly Appendage |    14 |     7 ||    21
       Wereblood         |       |     1 ||     1
 Stab: Sleeping          |     2 |     1 ||     3
Armor: Robe              |     6 |     5 ||    11
Dodge: Dodged            |    29 |    34 ||    63
